 Dungeon Crawl Stone Soup version 0.30.1-4-g462c640d31 (webtiles) character file.

Game seed: 17927086110203581

167 Fortress the Insei (level 5, -2/38 HPs)
             Began as a Merfolk Transmuter on Sept 8, 2023.
             Slain by a rat (3 damage)
             ... in a sewer.
             The game lasted 00:08:42 (2317 turns).

Fortress the Insei (Merfolk Transmuter)             Turns: 2317, Time: 00:08:42

Health: -2/38      AC:  3    Str: 16    XL:     5   Next: 48%
Magic:  8/8        EV: 10    Int: 15    God:
Gold:   112        SH:  0    Dex: 14    Spells: 8/9 levels left

rFire   . . .        p - +4 long sword (holy)
rCold   . . .        (no shield)
rNeg    . . .        a - +0 robe
rPois   .            (helmet currently unavailable)
rElec   .            (no cloak)
rCorr   .            d - +0 pair of gloves
SInv    .            l - melded +0 pair of boots
Will    .....        q - amulet of the acrobat
Stlth   +            j - +6 ring of strength
HPRegen 0.26/turn    (no ring)
MPRegen 0.11/turn

%: acrobat
@: confused, appendages, ambrosia-drunk, constricted
A: horns 2, (nimble swimmer 2), mertail
a: End Transformation


You were in a sewer.
You had temporarily grown beastly horns.
You visited 1 branch of the dungeon, and saw 3 of its levels.
You also visited: Sewer.

You collected 112 gold pieces.

Inventory:

Hand Weapons
 p - a +4 long sword of holy wrath (weapon)
Missiles
 f - 4 poisoned darts
Armour
 a - a +0 robe (worn)
 d - a +0 pair of gloves (worn)
 l - a +0 pair of boots (melded)
Jewellery
 j - a +6 ring of strength (left hand)
 q - an amulet of the acrobat (around neck)
Scrolls
 c - 3 scrolls of teleportation
 e - 2 scrolls of noise
 g - 2 scrolls of blinking
 k - a scroll of magic mapping
 n - a scroll of identify
Potions
 b - 5 potions of lignification
 m - a potion of curing {unknown}
 o - a potion of mutation {unknown}
 r - a potion of degeneration {unknown}
 s - a potion of magic {unknown}


   Skills:
 * Level 2.1 Fighting
 + Level 1.4 Long Blades
 + Level 3.9 Dodging
 - Level 1.0 Stealth
 - Level 4.5 Unarmed Combat
 + Level 2.6 Spellcasting
 + Level 3.3 Transmutations


You had 8 spell levels left.
You knew the following spells:

 Your Spells              Type           Power      Damage    Failure   Level
a - Beastly Appendage     Tmut           24%        N/A       5%          1

Your spell library contained the following spells:

 Spells                   Type           Power      Damage    Failure   Level
 Wereblood                Tmut           12%        N/A       8%          2
 Spider Form              Tmut/Pois      7%         N/A       30%         3
 Frozen Ramparts          Ice            2%         1d1       54%         3
 Ice Form                 Ice/Tmut       7%         N/A       71%         4
 Summon Ice Beast         Ice/Summ       1%         N/A       91%         4


Dungeon Overview and Level Annotations

Branches:
Dungeon (3/15)              Sewer (1/1)

Altars:


Innate Abilities, Weirdness & Mutations

You have temporarily grown beastly horns.
((You are very nimble when in or above water. (Stealth+, EV+, Speed+++)))
Your lower body shifts to a powerful aquatic tail in water.


Message History

The river rat misses you. The rat barely misses you.
The ball python barely misses you. The adder closely misses you.
The ball python's grasp on you weakens, but your attempt to escape fails.
The ball python completely misses you. The ball python constricts you.
The ball python misses you. The river rat misses you.
The adder bites you but does no damage. The ball python completely misses you.
The rat closely misses you.
Unknown command.
You escape the ball python's grasp.
The ball python completely misses you. x2
The rat twitches its whiskers.
You slash the ball python!
You kill the ball python!
The adder misses you. The ball python barely misses you.
The ball python misses you. The adder barely misses you.
The river rat bites you.
You closely miss the adder. The adder bites you but does no damage.
The river rat twitches its whiskers.
The ball python barely misses you. The ball python closely misses you.
The adder misses you.
You slash the adder!
The adder is severely wounded.
The adder barely misses you. The ball python misses you.
The ball python grabs you. The ball python constricts you.
The ball python bites you. The river rat bites you. The adder bites you.
You slash the adder!
You kill the adder!
The ball python bites you but does no damage.
The ball python constricts you.
The ball python bites you but does no damage.
The river rat bites you!
* * * LOW HITPOINT WARNING * * *
The ball python bites you but does no damage.
The ball python constricts you. The ball python bites you.
* * * LOW HITPOINT WARNING * * *
Your Fighting skill increases to level 2!
You are confused.
You feel invigorated. The river rat bites you.
* * * LOW HITPOINT WARNING * * *
The rat bites you.
You die...

......##
##......#
#......#
#......#
#..~.~##
#.††~.##
#≈~~≈≈≈#
#≈~~≈~~#
#≈~~~≈≈#
#≈~~~~≈#
#≈≈≈~≈≈#
#≈≈~~~~#
#≈≈~≈~≈#
#≈≈≈~~~#
#≈≈≈~~≈#
#≈≈rSr~#
#≈≈≈~≈~#
##S@r.≈#
#≈≈≈#≈.#
#...).≈#
#≈≈≈~~~#
#≈~~.~##
#≈≈≈≈~~#
#~~≈~≈≈#
#≈≈≈#~~#
#~~~≈≈≈#
#≈≈≈~#≈#
#~~~≈~≈#
#≈≈≈~~≈#
#≈≈~~≈~#
#≈~~~~≈#
#≈≈~~~~#
#≈~~~≈≈#
#≈≈≈~~≈#


You could see a river rat, 2 ball pythons and 2 rats.

Vanquished Creatures
  7 adders
  2 river rats (Sewer)
  2 worms (D:2)
  A dart slug (D:1)
  8 bats
  7 endoplasms
  2 giant cockroaches
  3 goblins
  6 hobgoblins
  5 quokkas
  9 ball pythons
  3 frilled lizards
  5 kobolds
  23 rats
  A spectral hobgoblin (D:1)
84 creatures vanquished.

Notes
Turn   | Place    | Note
-------+----------+-------------------------------------------
     0 | D:1      | Fortress the Merfolk Transmuter began the quest for the
                  | Orb.
     0 | D:1      | Reached XP level 1. HP: 15/15 MP: 3/3
   105 | D:1      | Found a faded altar of an unknown god.
   135 | D:1      | Reached XP level 2. HP: 15/21 MP: 3/5
   348 | D:1      | Reached XP level 3. HP: 21/26 MP: 6/6
   408 | D:1      | Reached skill level 4 in Unarmed Combat
  1154 | D:2      | Reached skill level 1 in Stealth
  1154 | D:2      | Reached XP level 4. HP: 5/32 MP: 7/7
  1914 | D:3      | Found a glowing drain.
  1955 | Sewer    | Entered a sewer
  2056 | Sewer    | Reached XP level 5. HP: 33/37 MP: 8/8
  2123 | Sewer    | Reached skill level 1 in Long Blades
  2317 | Sewer    | HP: 1/38 [river rat (4)]
  2317 | Sewer    | Slain by a rat

Illustrated notes

Levels and vault maps discovered:
D:1:      minmay_arrival_floating_metal, layout_rooms,
          dreamdust_ecumenical_altar_drowned_temple, minmay_misc_feat_room
D:2:      minmay_wonky_spiral, layout_loops_corners
D:3:      layout_basic, cheibriados_altar_1, gup_sewer_entry_glass,
          minmay_misc_feat_nine_boxes, minmay_misc_feat_diagonals
Sewer:    sewer_minmay_w

Skill      XL: |  1  2  3  4  5 |
---------------+----------------+-----
Transmutations | 3 |  3.3
Unarmed Combat | 4 |  4.5
Dodging        | 3 |  3.9
Stealth        | 1 |  1.0
Long Blades    | 1 |  1.4
Fighting       | 2 |  2.1
Spellcasting   | |  2.6

Action                     |  1- 3 |  4- 6 || total
---------------------------+-------+-------++-------
  Melee: Unarmed           |   107 |    49 ||   156
         Headbutt          |     9 |     6 ||    15
         Punch             |     2 |     4 ||     6
         Long sword        |       |    60 ||    60
         Tailslap          |       |     2 ||     2
   Cast: Beastly Appendage |    12 |     5 ||    17
    Use: Scroll            |       |     5 ||     5
         Potion            |       |     5 ||     5
   Stab: Sleeping          |     2 |     1 ||     3
 Armour: Robe              |    16 |    52 ||    68
  Dodge: Dodged            |    76 |   173 ||   249
